 Dungeon Crawl Stone Soup version 0.16-a0-3521-gb1b4986 (webtiles) character file.

89225 Minkie the Bludgeoner (level 15, -5/134 HPs)
             Began as a Minotaur Fighter on Jan 6, 2015.
             Was the Champion of the Shining One.
             Slain by Rupert
             ... wielding a +1 great mace of protection
              (24 damage)
             ... while paralysed by Rupert
             ... on level 1 of the Spider Nest on Jan 7, 2015.
             The game lasted 02:02:31 (30191 turns).

Minkie the Bludgeoner (Minotaur Fighter)           Turns: 30191, Time: 02:02:31

Health: -5/134     AC: 21    Str: 23    XL:     15   Next: 48%
Magic:  25/25      EV:  2    Int:  5    God:    the Shining One [******]
Gold:   1109       SH:  0    Dex: 14    Spells: 0 memorised, 14 levels left

rFire  + . .     SeeInvis .     u - +2 morningstar (crush)
rCold  + . .     Clarity  .     Y - +0 plate armour {rF+}
rNeg   + + +     SustAb   .     L - +0 shield {reflect}
rPois  .         Gourm    .     N - +0 hat
rElec  .         Spirit   .     Z - +0 cloak
rCorr  .         Warding  .     O - +0 pair of gloves
rMut   .         Stasis   .     a - +0 pair of boots {run}
MR     +....                    M - amulet of regeneration
Stlth  ..........               x - ring of protection from cold
                                m - +2 ring of protection

@: paralysed, lethally poisoned, glowing, quick, somewhat resistant to hostile
enchantments, extremely unstealthy
A: retaliatory headbutt, horns 2
a: Divine Shield, Cleansing Flame, Summon Divine Warrior, Renounce Religion


You were on level 1 of the Spider Nest.
You worshipped the Shining One.
The Shining One was exalted by your worship.
You were very hungry.

You visited 6 branches of the dungeon, and saw 27 of its levels.
You also visited: Sewer and Ossuary.

You collected 3247 gold pieces.
You spent 2138 gold pieces at shops.

Inventory:

Hand weapons
 u - a +2 morningstar of crushing (weapon)
Missiles
 S - 25 tomahawks (quivered)
Armour
 a - a +0 pair of boots of running (worn)
 L - a +0 shield of reflection (worn)
 N - a +0 hat (worn)
 O - a +0 pair of gloves (worn)
 Y - a +0 plate armour of fire resistance (worn)
 Z - a +0 cloak (worn)
Rods
 R - a +0 rod of the swarm (14/14)
   (You found it on level 5 of the Lair of Beasts)
Jewellery
 b - the ring of Uruisa {+Blink +Rage rF+ rN+ MR+ Str-1}
   (You found it on level 7 of the Lair of Beasts)

   [ring of protection from magic]

   It affects your strength (-1).
   It protects you from fire.
   It protects you from negative energy.
   It affects your resistance to hostile enchantments.
   It lets you blink.
   It lets you go berserk.
 g - the ring of Divine Intervention {+cTele Str+2 Dex+3}
   (You bought it in a shop on level 4 of the Orcish Mines)

   [ring of teleport control]

   It can be evoked for teleport control.
   It affects your strength (+2).
   It affects your dexterity (+3).
 m - a +2 ring of protection (left hand)
 r - an uncursed amulet of resist mutation
 x - a ring of protection from cold (right hand)
 y - an uncursed ring of flight
 M - an amulet of regeneration (around neck)
Magical devices
 j - a wand of teleportation (2)
 n - a wand of fireball (3)
 J - a wand of heal wounds (9)
Scrolls
 f - 8 scrolls of remove curse
 p - 2 scrolls of enchant armour
 q - 2 scrolls of magic mapping
 t - 8 scrolls of identify
 A - 7 scrolls of recharging
 F - 9 scrolls of teleportation
 I - a scroll of immolation
 P - a scroll of blinking
Potions
 e - 4 potions of might
 i - 8 potions of curing
 k - 6 potions of heal wounds
 l - 2 potions of resistance
 o - 5 potions of haste
 s - 2 potions of magic
 v - 2 potions of agility
 D - 3 potions of cancellation
 G - 3 potions of restore abilities
 K - 4 potions of brilliance
 T - 2 potions of cure mutation
Comestibles
 d - 9 bread rations
 h - 7 meat rations
 z - 12 slices of pizza
 H - 2 royal jellies


   Skills:
 + Level 12.3 Fighting
 - Level 16.0 Maces & Flails
 - Level 10.2 Armour
 + Level 10.1 Dodging
 - Level 15.0 Shields
 - Level 10.2 Invocations
 - Level 10.0 Evocations


You had 14 spell levels left.
You didn't know any spells.

Dungeon Overview and Level Annotations

Branches:
Dungeon (12/15)            Temple (1/1) D:5            Lair (8/8) D:10
 Shoals (1/5) Lair:3       Spider (1/5) Lair:5        Slime (0/6) Lair:6
    Orc (4/4) D:12            Elf (0/3) Orc:4

Altars:
Ashenzari
Cheibriados
Dithmenos
Elyvilon
Fedhas
Gozag
Kikubaaqudgha
Makhleb
Nemelex Xobeh
Okawaru
Qazlal
Ru
Sif Muna
Trog
Vehumet
Xom
Yredelemnul
Zin
The Shining One

Shops:
D:5 }   D:7 [   D:10 *   Orc:4 *?=?

Annotations:
D:3 runed door
Lair:7 exclusion: oklob plant
Spider:1 Rupert


Innate Abilities, Weirdness & Mutations

You reflexively headbutt those who attack you in melee.
You have a pair of horns on your head.


Message History

Rupert hits you with a great mace of protection!
The wolf spider barely misses you.
The wolf spider bites you but does no damage.
You feel very sick. The wolf spider hits you.
The wolf spider bites you but does no damage.
The wolf spider barely misses you. The wolf spider bites you!
Rupert hits you with a great mace of protection!!!
* * * LOW HITPOINT WARNING * * *
The wolf spider hits you!
* * * LOW HITPOINT WARNING * * *
The wolf spider bites you but does no damage.
You feel very sick. The wolf spider hits you!
* * * LOW HITPOINT WARNING * * *
The wolf spider bites you but does no damage.
The wolf spider hits you but does no damage.
The wolf spider bites you but does no damage.
Rupert hits you with a great mace of protection!!
You die...

##.................. .
##.................
...#.................# ....
...............###
.....##..............##.
.......................#.
........................#.
........s@..............#.
........s@.............##.
#####...^..................#..
##...#######........>..........
..........)[...!...........#...
..........................######
...............................#
.##.............................
##............................
#..............................


You could see Rupert (berserk) and 2 wolf spiders.

Vanquished Creatures
  Donald (Orc:4)
  Fannar (D:10)
  Harold (Lair:7)
  The ghost of binmo the Cleaver, a powerful HuBe of Trog (D:10)
  8 hydras
  A deep troll shaman (Lair:8)
  13 death yaks
  5 orc high priests (Orc:4)
  Urug (D:10)
  A catoblepas (Lair:8)
  3 skeletal warriors (D:11)
  A fire crab (Lair:8)
  Erolcha (D:9)
  2 unseen horrors
  A deep elf conjurer (D:12)
  A lindwurm (Lair:8)
  3 griffons
  6 hill giants
  2 wolf spiders (Spider:1)
  An orc sorcerer (Orc:3)
  4 ugly things
  2 orb spiders (Spider:1)
  2 orc knights (Orc:4)
  4 manticores
  A cyclops (D:11)
  4 black mambas
  22 elephants
  8 spiny frogs
  2 torpor snails
  8 komodo dragons
  3 centaur skeletons
  2 demonic crawlers (Spider:1)
  An elf (shapeshifter) (D:12)
  A yaktaur (D:12)
  A deep elf priest (D:12)
  4 trolls
  3 jumping spiders (Spider:1)
  Grinder (D:5)
  3 two-headed ogres
  Prince Ribbit (D:9)
  3 polar bears
  24 blink frogs
  10 slime creatures
  2 tarantellas (Spider:1)
  2 redbacks (Spider:1)
  2 basilisks
  A trapdoor spider (D:12)
  A wraith (D:12)
  3 water elementals
  2 deep elf magi (D:12)
  2 shadows (D:12)
  4 hungry ghosts
  3 wyverns
  Eustachio (D:10)
  A human (D:8)
  35 yaks
  2 deep elf fighters (D:12)
  Grum (Orc:4)
  8 hippogriffs
  A steam dragon (D:10)
  A warg (Orc:4)
  The ghost of binmo the Covert, an average KoAs (D:3)
  12 wolves
  15 water moccasins
  2 sky beasts
  8 porcupines
  4 ice beasts
  11 spiders
  26 orc warriors
  4 black bears
  2 phantoms
  8 ogres
  16 crocodiles
  10 centaurs
  4 big kobolds
  25 giant frogs
  A brain worm (Lair:6)
  2 wyvern zombies
  6 killer bees (D:12)
  7 scorpions
  8 wights (D:8)
  4 bog bodies (Ossuary)
  4 crimson imps
  8 jellies
  34 orc priests
  A quasit (D:8)
  3 centaur zombies
  A gnoll shaman (D:5)
  3 giant frog zombies
  5 hounds
  11 iguanas
  3 giant frog skeletons
  15 orc wizards
  A hell rat (D:5)
  A killer bee zombie (Ossuary)
  6 worker ants
  44 sheep
  An ogre zombie (D:5)
  A hound zombie (Ossuary)
  A hound skeleton (D:5)
  8 mummies (Ossuary)
  3 worker ant zombies
  Robin (D:2)
  20 adders
  89 river rats
  16 gnolls
  2 giant mites
  6 shadow imps
  2 worms (D:3)
  2 adder zombies (Ossuary)
  4 adder skeletons
  2 giant geckos
  3 oozes
  153 orcs
  A bat skeleton (D:4)
  4 bat zombies (Ossuary)
  22 hobgoblins
  13 jackals
  44 kobolds
  11 quokkas
  16 bats
  6 giant cockroaches
  A giant cockroach zombie (Ossuary)
  A giant gecko skeleton (D:7)
  7 giant newts
  23 goblins
  2 goblin zombies (D:4)
  2 jackal zombies
  An orc zombie (D:8)
  3 quokka zombies (Ossuary)
  70 rats
  2 rat zombies (D:12)
  A spectral orc (D:6)
  A fungus (Lair:2)
  A plant (Ossuary)
1102 creatures vanquished.

Vanquished Creatures (collateral kills)
  A spider (Lair:5)
1 creature vanquished.

Vanquished Creatures (others)
  A tarantella (Spider:1)
  A spider (Spider:1)
  A scorpion (Lair:5)
  Natasha (D:6)
  9 fungi
  A plant (Lair:8)
14 creatures vanquished.

Grand Total: 1117 creatures vanquished

Notes
Turn   | Place    | Note
--------------------------------------------------------------
     0 | D:1      | Minkie, the Minotaur Fighter, began the quest for the Orb.
     0 | D:1      | Reached XP level 1. HP: 19/19 MP: 1/1
   135 | D:1      | Reached skill level 4 in Fighting
   140 | D:1      | Reached XP level 2. HP: 27/27 MP: 1/1
   435 | D:1      | Reached XP level 3. HP: 29/34 MP: 2/2
   792 | D:2      | Reached skill level 5 in Fighting
   806 | D:2      | Reached XP level 4. HP: 29/42 MP: 2/2
  1036 | D:2      | Noticed Robin
  1144 | D:2      | Killed Robin
  1144 | D:2      | Reached XP level 5. HP: 47/49 MP: 2/2
  1339 | D:2      | Found a burning altar of Makhleb.
  1595 | D:3      | Noticed binmo's ghost (average KoAs)
  1618 | D:3      | Killed binmo's ghost
  1618 | D:3      | Reached skill level 6 in Fighting
  1618 | D:3      | Reached skill level 5 in Maces & Flails
  1618 | D:3      | Reached XP level 6. HP: 45/58 MP: 3/3
  1785 | D:3      | Found a glowing golden altar of the Shining One.
  1785 | D:3      | Noticed an angel
  1793 | D:3      | Found a runed door.
  2463 | D:4      | Found a sand-covered staircase.
  2526 | Ossuary  | Entered an ossuary
  2533 | Ossuary  | Reached skill level 7 in Fighting
  2573 | Ossuary  | Reached XP level 7. HP: 66/66 MP: 3/3
  2693 | Ossuary  | Reached skill level 8 in Fighting
  3364 | D:4      | Reached XP level 8. HP: 74/77 MP: 3/3
  3720 | D:5      | Entered Level 5 of the Dungeon
  3723 | D:5      | Noticed Grinder
  3725 | D:5      | Found a staircase to the Ecumenical Temple.
  3730 | D:5      | Paralysed by Grinder for 4 turns
  3745 | D:5      | Killed Grinder
  3745 | D:5      | Reached skill level 9 in Fighting
  3755 | Temple   | Entered the Ecumenical Temple
  4066 | Temple   | Became a worshipper of the Shining One
  4192 | D:5      | Reached skill level 10 in Fighting
  4401 | D:5      | Found an iron altar of Okawaru.
  4445 | D:4      | Found a bloodstained altar of Trog.
  4445 | D:4      | Found an ancient bone altar of Kikubaaqudgha.
  4647 | D:5      | Acquired the Shining One's first power
  4647 | D:5      | Reached skill level 10 in Maces & Flails
  4792 | D:5      | Found Mnoup's Gadget Emporium.
  4848 | D:5      | Found a glowing silver altar of Zin.
  4889 | D:6      | Found a blossoming altar of Fedhas.
  4894 | D:6      | Reached XP level 9. HP: 85/85 MP: 4/4
  5124 | D:6      | Found a glowing drain.
  5143 | Sewer    | Entered a sewer
  5242 | Sewer    | Reached skill level 11 in Maces & Flails
  5474 | D:6      | Found a sparkling altar of Nemelex Xobeh.
  5556 | D:6      | Noticed Natasha
  5561 | D:6      | Killed Natasha
  5665 | D:6      | Found a basalt altar of Yredelemnul.
  5866 | D:7      | Found Suukeh's Antique Armour Shop.
  5904 | D:7      | Found a shattered altar of Ashenzari.
  5939 | D:7      | Acquired the Shining One's second power
  5974 | D:7      | Reached skill level 12 in Maces & Flails
  6139 | D:7      | Found a deep blue altar of Sif Muna.
  6297 | D:7      | Found a radiant altar of Vehumet.
  6404 | D:7      | Reached skill level 13 in Maces & Flails
  6942 | D:8      | Found a glowing silver altar of Zin.
  6962 | D:8      | Reached XP level 10. HP: 93/93 MP: 4/4
  7099 | D:8      | Reached skill level 14 in Maces & Flails
  7509 | D:8      | Reached skill level 5 in Armour
  7518 | D:8      | Reached skill level 5 in Shields
  7766 | D:8      | Noticed a hill giant
  7772 | D:8      | Killed a hill giant
  8294 | D:9      | Noticed Prince Ribbit
  8308 | D:9      | Killed Prince Ribbit
  8689 | D:9      | Noticed Erolcha
  8697 | D:9      | Killed Erolcha
  8735 | D:9      | Acquired the Shining One's third power
  8855 | D:10     | Entered Level 10 of the Dungeon
  8976 | D:10     | Noticed binmo's ghost (powerful HuBe)
  9001 | D:10     | Killed binmo's ghost
  9065 | D:10     | Noticed Urug
  9379 | D:10     | Noticed a hill giant
  9392 | D:10     | Killed a hill giant
  9392 | D:10     | Reached XP level 11. HP: 56/99 MP: 4/4
  9559 | D:10     | Found a white marble altar of Elyvilon.
  9627 | D:10     | Noticed Eustachio
  9641 | D:10     | Killed Eustachio
  9932 | D:10     | Reached skill level 1 in Evocations
  9946 | D:10     | Found a staircase to the Lair.
  9978 | D:10     | Reached skill level 1 in Invocations
 10083 | D:10     | Found Guufuikh's General Store.
 10095 | D:10     | Killed Urug
 10271 | D:10     | Noticed an unseen horror
 10275 | D:10     | Killed an unseen horror
 10443 | D:10     | Noticed Fannar
 10618 | D:11     | Noticed a seven-headed hydra
 10625 | D:11     | Killed a seven-headed hydra
 10625 | D:11     | Reached skill level 10 in Armour
 10942 | D:11     | Noticed a skeletal warrior
 10978 | D:11     | Killed a skeletal warrior
 10978 | D:11     | Reached skill level 10 in Shields
 11036 | D:11     | Noticed a skeletal warrior
 11068 | D:11     | Killed a skeletal warrior
 11068 | D:11     | Reached skill level 1 in Dodging
 11070 | D:11     | Acquired the Shining One's fourth power
 11083 | D:11     | Noticed a skeletal warrior
 11103 | D:11     | Killed a skeletal warrior
 11679 | D:11     | Noticed a hill giant
 11684 | D:11     | Killed a hill giant
 11693 | D:11     | Reached XP level 12. HP: 65/106 MP: 13/13
 12244 | D:10     | Killed Fannar
 12368 | Lair:1   | Entered Level 1 of the Lair of Beasts
 12429 | Lair:1   | Identified a scroll of acquirement
 12438 | Lair:1   | Identified a +0 pair of boots of running (You acquired it on level 1 of the Lair of Beasts)
 12509 | Lair:1   | Reached skill level 5 in Evocations
 12798 | Lair:1   | Reached skill level 5 in Invocations
 12986 | Lair:1   | You fall through a shaft!
 14193 | Lair:3   | Reached skill level 5 in Dodging
 14438 | Lair:3   | Found a staircase to the Shoals.
 15162 | Lair:3   | Noticed a seven-headed hydra
 15171 | Lair:3   | Killed a seven-headed hydra
 15597 | Lair:4   | Noticed a seven-headed hydra
 15618 | Lair:4   | Killed a seven-headed hydra
 15805 | Lair:4   | Reached XP level 13. HP: 113/113 MP: 19/19
 16535 | Lair:4   | Noticed an eight-headed hydra
 16559 | Lair:4   | Killed an eight-headed hydra
 17919 | Lair:5   | Identified a cursed +0 rod of the swarm (14/14) (You found it on level 5 of the Lair of Beasts)
 17957 | Lair:5   | Found a hole to the Spider Nest.
 17992 | Lair:5   | Found a staircase to the Shoals.
 18445 | Lair:6   | Found a staircase to the Slime Pits.
 20047 | Lair:7   | Got a twitching golden ring
 20052 | Lair:7   | Identified the ring of Uruisa {+Blink +Rage rF+ rN+ MR+ Str-1} (You found it on level 7 of the Lair of Beasts)
 20620 | Lair:7   | Noticed Harold
 20635 | Lair:7   | Killed Harold
 21053 | Lair:7   | Reached XP level 14. HP: 43/121 MP: 22/22
 21504 | Lair:8   | Entered Level 8 of the Lair of Beasts
 22600 | Lair:8   | Reached skill level 15 in Shields
 22796 | Lair:8   | Reached skill level 10 in Evocations
 23373 | Lair:8   | Reached skill level 15 in Maces & Flails
 23386 | Lair:8   | Reached skill level 10 in Invocations
 24650 | D:12     | Found a staircase to the Orcish Mines.
 24697 | D:12     | Reached skill level 16 in Maces & Flails
 25016 | D:12     | Reached XP level 15. HP: 128/128 MP: 25/25
 25697 | Orc:1    | Entered Level 1 of the Orcish Mines
 27173 | Orc:4    | Entered Level 4 of the Orcish Mines
 28317 | Orc:4    | Noticed Grum
 28341 | Orc:4    | Killed Grum
 28523 | Orc:4    | Found a staircase to the Elven Halls.
 28525 | Orc:4    | Noticed Donald
 28548 | Orc:4    | Killed Donald
 28948 | Orc:4    | Found Guxeedis' Magic Scroll Boutique.
 28948 | Orc:4    | Found Scherchao's Assorted Antiques.
 28948 | Orc:4    | Found Xeadept's Magic Scroll Shop.
 28948 | Orc:4    | Found Qoes' Jewellery Shop.
 28960 | Orc:4    | Bought the ring of Divine Intervention {+cTele Str+2 Dex+3} for 1012 gold pieces
 28960 | Orc:4    | Bought an uncursed amulet of regeneration for 450 gold pieces
 28995 | Orc:4    | Bought a scroll of acquirement for 676 gold pieces
 29431 | Shoals:1 | Entered Level 1 of the Shoals
 29693 | Spider:1 | Entered Level 1 of the Spider Nest
 29827 | Spider:1 | Reached skill level 10 in Dodging
 30179 | Spider:1 | Noticed Rupert
 30187 | Spider:1 | Paralysed by Rupert for 6 turns
 30191 | Spider:1 | Slain by Rupert

Action                   |  1- 3 |  4- 6 |  7- 9 | 10-12 | 13-15 || total
-------------------------+-------+-------+-------+-------+-------++-------
Melee: Flail             |    78 |   197 |   516 |   892 |   523 ||  2206
       Morningstar       |       |       |       |       |  1228 ||  1228
Throw: Tomahawk          |       |       |       |       |    10 ||    10
 Abil: Evoke Teleport Co |       |       |       |       |     1 ||     1
Evoke: Rod               |       |       |       |       |     1 ||     1
  Use: Scroll            |       |       |    12 |    20 |    12 ||    44
       Potion            |       |       |       |       |     2 ||     2
 Stab: Fleeing           |       |       |       |     1 |       ||     1
  Eat: Chunk             |       |     5 |    14 |    28 |    43 ||    90
       Pizza             |       |     1 |       |       |     1 ||     2
       Fruit             |       |       |       |       |     1 ||     1
